 Dungeon Crawl Stone Soup version 0.31.0-11-ge490571c62 (webtiles) character file.

Game seed: 7161896909153436309

162 qw the Skirmisher (level 5, -2/29 HPs)
             Began as a Deep Elf Hunter on Feb 3, 2024.
             Incinerated by a bombardier beetle (3 damage)
             ... with a burning spray
             ... on level 3 of the Dungeon.
             The game lasted 00:00:09 (1746 turns).

qw the Skirmisher (Deep Elf Hunter)                 Turns: 1746, Time: 00:00:09

Health: -2/29      AC:  6    Str: 10    XL:     5   Next: 19%
Magic:  7/7        EV: 12    Int: 14    God:
Gold:   103        SH:  0    Dex: 18    Spells: 4/4 levels left

rFire   . . .        a - +0 shortbow
rCold   . . .        (shield currently unavailable)
rNeg    . . .        c - +0 leather armour
rPois   .            h - +2 helmet
rElec   .            (no cloak)
rCorr   .            (no gloves)
SInv    .            (no boots)
Will    .....        (no amulet)
Stlth   +            (no ring)
HPRegen 0.24/turn    (no ring)
MPRegen 0.10/turn

%: no passive effects
@: on fire, glowing
A: no striking features
a: no special abilities


You were on level 3 of the Dungeon.
You visited 1 branch of the dungeon, and saw 3 of its levels.

You collected 103 gold pieces.


   Skills:
 - Level 1.5 Fighting
 + Level 8.6 Ranged Weapons
 - Level 2.4 Dodging
 - Level 1.2 Stealth


You had 4 spell levels left.
You didn't know any spells.
Your spell library was empty.

Inventory:

Hand Weapons
 a - a +0 shortbow (weapon)
Armour
 c - a +0 leather armour (worn)
 h - a +2 helmet (worn)
Scrolls
 b - a scroll of immolation {unknown}
 d - a scroll of poison {unknown}
Potions
 e - 2 potions of curing

Dungeon Overview and Level Annotations

Branches:
Dungeon (3/15)

Altars:


Message History

You shoot an arrow. The arrow hits the bombardier beetle.
The bombardier beetle is lightly wounded.
The bombardier beetle sprays incendiary fluid at you.
The burning spray misses you.
You shoot an arrow.
The arrow hits the bombardier beetle but does no damage.
You shoot an arrow. The arrow hits the bombardier beetle.
The bombardier beetle is lightly wounded.
A bombardier beetle comes into view.
The bombardier beetle sprays incendiary fluid at you.
The burning spray misses you.
You shoot an arrow.
The arrow closely misses the bombardier beetle.
The bombardier beetle sprays incendiary fluid at you.
The burning spray hits you.
You are covered in liquid fire!
You shoot an arrow.
The arrow barely misses the bombardier beetle.
The liquid fire burns you!
You shoot an arrow. The arrow hits the bombardier beetle.
The bombardier beetle is moderately wounded.
The liquid fire burns you!
You shoot an arrow. The arrow hits the bombardier beetle!
The bombardier beetle is almost dead.
The liquid fire burns you!
You shoot an arrow. The arrow hits the bombardier beetle.
You kill the bombardier beetle!
The liquid fire burns you!
You have reached level 5!
You shoot an arrow. The arrow hits the bombardier beetle.
The bombardier beetle is moderately wounded.
The liquid fire burns you!
The bombardier beetle waves its antennae.
The bombardier beetle sprays incendiary fluid at you.
The burning spray hits you.
You are even more covered in liquid fire!
You shoot an arrow. The arrow hits the bombardier beetle!
The bombardier beetle is severely wounded.
The liquid fire burns you!
You die...

#.# ####.........
#.######....# ..(...
#.#........# #.#....
######.#?.......##.....(.
#........................
#####..#.........#.......
#..##.........).B### #.#
#......()....# #..
.........@..#.....
#...####.#.....#######..
..... !..#..#### ....
......# ###.


You could see a bombardier beetle.

Vanquished Creatures
  A bombardier beetle (D:3)
  Terence (D:3)
  3 adders
  3 gnolls
  6 bats
  6 endoplasms
  2 giant cockroaches (D:2)
  6 goblins (D:1)
  5 hobgoblins
  5 kobolds
  A quokka (D:1)
  8 ball pythons
  A frilled lizard (D:1)
  2 rats
50 creatures vanquished.

Notes
Turn   | Place    | Note
-------+----------+-------------------------------------------
     0 | D:1      | qw the Deep Elf Hunter began the quest for the Orb.
     0 | D:1      | Reached XP level 1. HP: 12/12 MP: 3/3
     0 | D:1      | 0 ||| qw: Version: 0.3-a-158-g18b3111
     0 | D:1      | 0 ||| qw: Game counter: 4291
     0 | D:1      | 0 ||| qw: Melee chars always use a shield: true
     0 | D:1      | 0 ||| qw: God list: Okawaru
     0 | D:1      | 0 ||| qw: Allow faded altars: false
     0 | D:1      | 0 ||| qw: Do Orc after clearing Dungeon:15 true
     0 | D:1      | 0 ||| qw: Do second Lair branch before Depths: true
     0 | D:1      | 0 ||| qw: Lair rune preference: random
     0 | D:1      | 0 ||| qw: Goals: Normal
     0 | D:1      | 0 ||| PLANNING D:1-11
    43 | D:1      | 43 ||| RETREEEEATING.
    45 | D:1      | 45 ||| RETREEEEATING.
    47 | D:1      | 47 ||| RETREEEEATING.
    48 | D:1      | 48 ||| RETREEEEATING.
    49 | D:1      | 49 ||| RETREEEEATING.
    50 | D:1      | 50 ||| RETREEEEATING.
    52 | D:1      | 52 ||| RETREEEEATING.
    55 | D:1      | HP: 2/12 [ball python (3)]
   142 | D:1      | Reached skill level 6 in Ranged Weapons
   142 | D:1      | Reached XP level 2. HP: 16/16 MP: 4/4
   797 | D:1      | 797 ||| UPGRADING to +2 helmet.
   802 | D:1      | 802 ||| READING 2 scrolls labelled VEWNEVARIW.
   802 | D:1      | 802 ||| IDENTIFYING orange potion
   803 | D:1      | 803 ||| READING scroll of identify.
   803 | D:1      | 803 ||| IDENTIFYING emerald potion
   804 | D:1      | 804 ||| READING scroll labelled QINAED FUUNIM.
   805 | D:1      | 805 ||| READING scroll labelled CODAPI GYMALEST.
   906 | D:1      | 906 ||| DRINKING 2 viscous green potions.
   907 | D:1      | 907 ||| DROPPING scroll of butterflies.
   908 | D:1      | 908 ||| DROPPING potion of brilliance.
   909 | D:1      | 909 ||| DROPPING potion of lignification.
   950 | D:2      | 950 ||| STAIRDANCE
   954 | D:2      | 954 ||| STAIRDANCE
   959 | D:1      | HP: 2/16 [gnoll/+0 whip (3)]
   962 | D:1      | Reached XP level 3. HP: 3/20 MP: 5/5
  1036 | D:2      | 1036 ||| STAIRDANCE
  1050 | D:2      | 1050 ||| STAIRDANCE
  1063 | D:2      | 1063 ||| STAIRDANCE
  1097 | D:2      | Reached skill level 7 in Ranged Weapons
  1103 | D:2      | 1103 ||| STAIRDANCE
  1106 | D:1      | Reached XP level 4. HP: 25/25 MP: 6/6
  1108 | D:2      | 1108 ||| STAIRDANCE
  1182 | D:2      | Found a faded altar of an unknown god.
  1633 | D:2      | 1633 ||| DROPPING +2 helmet.
  1634 | D:2      | 1634 ||| READING scroll of identify.
  1634 | D:2      | 1634 ||| IDENTIFYING scroll labelled EPSUGA RICKY
  1635 | D:2      | 1635 ||| READING scroll labelled YWKYF ETRETOU.
  1636 | D:2      | 1636 ||| READING scroll labelled TARGHU GIRE.
  1637 | D:2      | 1637 ||| DROPPING scroll of revelation.
  1692 | D:3      | Reached skill level 8 in Ranged Weapons
  1703 | D:3      | Noticed Terence
  1720 | D:3      | Killed Terence
  1743 | D:3      | HP: 6/25 [burnt (3)]
  1744 | D:3      | HP: 2/25 [burnt (4)]
  1745 | D:3      | Reached XP level 5. HP: 3/29 MP: 7/7
  1746 | D:3      | Incinerated by a bombardier beetle

Levels and vault maps discovered:
D:1:      evilmike_arrival_home_sweet_home, layout_loops_ring,
          minmay_hedge_maze, st_stairs_6
D:2:      layout_basic, ebering_ecumenical_altar_box
D:3:      layout_rooms, nicolae_overflow_hallway_of_the_gods, uniq_terence

Skill      XL: |  1  2  3  4 |
---------------+-------------+-----
Ranged Weapons | 6 7 8 |  8.6
Fighting       | |  1.5
Dodging        | |  2.4
Stealth        | |  1.2

Action                     |  1- 3 |  4- 6 || total
---------------------------+-------+-------++-------
   Fire: Shortbow          |    66 |    74 ||   140
    Use: Scroll            |     4 |     3 ||     7
         Potion            |     1 |       ||     1
 Armour: Leather armour    |    20 |    20 ||    40
  Dodge: Dodged            |    28 |    16 ||    44

Table legend:
 A = Non-vault XP
 B = Vault XP
 C = Vault XP percentage of total XP
 D = Non-vault monster count
 E = Vault monster count
 F = Vault count percentage of total count
                 A         B        C        D         E       F
            +---------+---------+-------+---------+---------+-------
      Total |     193 |      39 |  16.8 |      48 |       2 |   4.0
            +---------+---------+-------+---------+---------+-------
        D:1 |      69 |       1 |   1.4 |      25 |       1 |   3.8
        D:2 |      77 |       0 |   0.0 |      18 |       0 |   0.0
        D:3 |      47 |      38 |  44.7 |       5 |       1 |  16.7
            +---------+---------+-------+---------+---------+-------
